 Dungeon Crawl Stone Soup version 0.26-a0-252-gb32a1a6195 (webtiles) character file.

Game seed: 12289173341955112367

1215 BritishOli the Slasher (level 8, -2/62 HPs)
             Began as a Demonspawn Gladiator on July 9, 2020.
             Slain by Duvessa
             ... wielding a +2 rapier of draining
              (7 damage)
             ... on level 6 of the Dungeon.
             The game lasted 00:09:51 (6796 turns).

BritishOli the Slasher (Demonspawn Gladiator)       Turns: 6796, Time: 00:09:52

Health: -2/62      AC: 15    Str: 17    XL:     8   Next: 22%
Magic:  17/17      EV:  6    Int:  9    God:
Gold:   168        SH:  4    Dex: 15    Spells: 7/7 levels left

rFire    + . .     SeeInvis .   a - +1 long sword
rCold    x . .     Faith    .   (no shield)
rNeg     . . .     Spirit   .   B - +0 chain mail (curse)
rPois    .         Reflect  .   c - +0 helmet
rElec    .         Harm     .   q - +0 cloak
rCorr    .                      o - +2 pair of gloves
MR       .....                  b - +1 pair of boots
Stlth    ..........             (no amulet)
HPRegen  0.20/turn              y - ring of fire
MPRegen  0.15/turn              A - ring of magical power

@: extremely drained
A: talons 1, large bone plates 1, powered by death 1
a: no special abilities


You were on level 6 of the Dungeon.
You were not hungry.

You visited 1 branch of the dungeon, and saw 6 of its levels.
You also visited: Sewer.

You collected 168 gold pieces.

Inventory:

Hand Weapons
 a - a +1 long sword (weapon)
Armour
 b - a +1 pair of boots (worn)
 c - a +0 helmet (worn)
 o - a +2 pair of gloves (worn)
 q - a +0 cloak (worn)
 x - a +0 scale mail
 B - a cursed +0 chain mail (worn)
Jewellery
 y - a ring of fire (left hand)
 A - a ring of magical power (right hand)
Wands
 e - a wand of iceblast (4)
Scrolls
 k - a scroll of magic mapping
 l - a scroll of fear
 t - a scroll of identify
 v - 4 scrolls of teleportation
Potions
 g - 4 potions of curing
 h - 2 potions of might
 j - a potion of lignification {unknown}
 m - a potion of stabbing
 s - 3 potions of magic
 u - 3 potions of cancellation {unknown}
 z - 2 potions of ambrosia
Comestibles
 f - 20 rations


   Skills:
 + Level 5.2(0.0) Fighting
 + Level 5.2(0.0) Long Blades
 - Level 2.0(0.0) Throwing
 + Level 4.2(0.0) Armour
 + Level 5.2(0.0) Dodging


You had 7 spell levels left.
You didn't know any spells.
Your spell library was empty.

Dungeon Overview and Level Annotations

Branches:
Dungeon (6/15)              Sewer (visited)
 Temple: D:4-7

Altars:
Trog

Annotations:
D:4 Pikel
D:6 Duvessa


Innate Abilities, Weirdness & Mutations

You have sharp toenails.
You are partially covered in large bone plates. (SH +4)
You regenerate a little health from kills.


Message History

Duvessa hits you with a +2 rapier of draining!
You feel drained.
A hound comes into view.
Throwing (i - inventory)
d - a throwing net (quivered)
Press: ? - help, Shift-Dir - straight line, f/p - Duvessa
Aim: Duvessa, wielding a +2 rapier of draining, wearing a +3 chain mail of cold resistance and quivering 16 stones (severely wounded, berserk)
You throw a throwing net.
The throwing net closely misses Duvessa.
The hound barks!
Duvessa hits you but does no damage.
You feel drained.
Duvessa hits you with a +2 rapier of draining.
You feel drained.
Firing (i - inventory) No suitable missiles.
Press: ? - help, Shift-Dir - straight line, f/p - Duvessa
Aim: Duvessa, wielding a +2 rapier of draining, wearing a +3 chain mail of cold resistance and quivering 16 stones (severely wounded, berserk)
Okay, then.
Duvessa hits you with a +2 rapier of draining!
* * * LOW HITPOINT WARNING * * *
You feel drained.
You die...

..### #.....###### *,,*******
#...## ####.......# *##e,*
###..######....)..# *..,,*
##......#.......# *#.#*,*
######.#.......#*#..**,*
#.#.......#*..***,*
#.####....#*.#***,******
########.#######)##.###...,,,,*
#.....##..##(he@..........***,*
#.....###....####.#..####.* *,*
#.....####..#####.##.# *,***,*
#................[##.## *,,**,*
#.....e....#####......##**,**,*
*#.....####...............,,**,*
##.....# ######..###...##****,*
...†...# #...## *...#* *,*
#..e#### ##.### **...#* **,**


You could see Duvessa (berserk) and a hound.

Vanquished Creatures
  Purgy (Sewer)
  A sky beast (D:6)
  2 ogres (D:5)
  2 bullfrogs (D:6)
  Dowan (D:6)
  2 howler monkeys
  A bullfrog zombie (D:5)
  3 hounds (D:5)
  A jelly (D:5)
  Crazy Yiuf (D:2)
  3 orc wizards
  2 worker ants
  A hound skeleton (D:5)
  Robin (D:2)
  A gnoll (D:1)
  14 adders
  A white imp (D:5)
  An ufetubus (D:6)
  3 worms
  2 dart slugs
  5 leopard geckos
  13 orcs
  5 giant cockroaches
  10 goblins
  6 hobgoblins
  4 jackals (D:3)
  A quokka (D:5)
  3 ball pythons
  14 bats
  7 frilled lizards
  8 kobolds
  7 rats
127 creatures vanquished.

Notes
Turn   | Place    | Note
-------+----------+-------------------------------------------
     0 | D:1      | BritishOli the Demonspawn Gladiator began the quest for the
                  | Orb.
     0 | D:1      | Reached XP level 1. HP: 16/16 MP: 1/1
    82 | D:1      | Gained mutation: You regenerate a little health from kills.
                  | [demonic ancestry]
    82 | D:1      | Reached XP level 2. HP: 5/22 MP: 2/2
   719 | D:2      | Found a runed translucent door.
   720 | D:2      | Noticed Crazy Yiuf
   757 | D:2      | Reached skill level 1 in Armour
   757 | D:2      | Reached XP level 3. HP: 11/28 MP: 3/3
  1734 | D:2      | Reached XP level 4. HP: 24/34 MP: 4/4
  2091 | D:2      | Noticed Robin
  2105 | D:2      | Killed Robin
  2536 | D:2      | Killed Crazy Yiuf
  2620 | D:3      | Gained mutation: You have sharp toenails. [demonic
                  | ancestry]
  2620 | D:3      | Reached XP level 5. HP: 41/41 MP: 5/5
  3347 | D:3      | Found a faded altar of an unknown god.
  3964 | D:4      | Reached XP level 6. HP: 47/47 MP: 6/6
  3970 | D:4      | Noticed Pikel
  3997 | D:5      | Entered Level 5 of the Dungeon
  4138 | D:5      | Found a glowing drain.
  4142 | Sewer    | Entered a sewer
  4242 | Sewer    | Noticed Purgy
  4279 | Sewer    | Killed Purgy
  4644 | D:5      | Gained mutation: You are partially covered in large bone
                  | plates. (SH +4) [demonic ancestry]
  4644 | D:5      | Reached XP level 7. HP: 42/54 MP: 7/7
  5223 | D:5      | Found a bloodstained altar of Trog.
  5590 | D:6      | Noticed Duvessa
  5600 | D:5      | HP: 1/55 [ogre/+0 giant club (25)]
  5814 | D:6      | Noticed Dowan
  6196 | D:6      | Reached skill level 5 in Fighting
  6196 | D:6      | Reached skill level 5 in Long Blades
  6196 | D:6      | Reached skill level 5 in Dodging
  6196 | D:6      | Reached XP level 8. HP: 50/62 MP: 8/8
  6785 | D:6      | Killed Dowan
  6796 | D:6      | Slain by Duvessa

Illustrated notes

Levels and vault maps discovered:
D:1:      scummos_arrival_forest, layout_basic
D:2:      layout_loops_corners, first_ration, uniq_crazy_yiuf_cottage,
          uniq_robin
D:3:      layout_loops_corners, chequers_ecumenical_altar_lobes,
          minmay_close_crescents
D:4:      layout_basic, uniq_menkaure, uniq_eustachio, uniq_pikel
D:5:      layout_basic, bloody_trog, gup_sewer_entry_bowl
D:6:      layout_rooms, minivault_24, chequers_serial_rivers_large_b,
          uniq_duvessa

Skill      XL: |  1  2  3  4  5  6  7 |
---------------+----------------------+-----
Throwing       | 2 |  2.0
Long Blades    | 3 4 5 |  5.2
Armour         | 1 2 3 4 |  4.2
Dodging        | 3 4 5 |  5.2
Fighting       | 3 4 5 |  5.2

Action                   |  1- 3 |  4- 6 |  7- 9 || total
-------------------------+-------+-------+-------++-------
Melee: Long sword        |    77 |   260 |   188 ||   525
       Kick              |       |    15 |       ||    15
Throw: Throwing net      |       |       |     3 ||     3
Evoke: Wand              |       |       |     5 ||     5
  Use: Potion            |     1 |     5 |     2 ||     8
       Scroll            |       |     4 |     9 ||    13
 Stab: Sleeping          |       |     1 |       ||     1
  Eat: Ration            |     1 |     3 |     2 ||     6
Armor: Leather armour    |    25 |    61 |       ||    86
       Scale mail        |       |    82 |   115 ||   197
       Chain mail        |       |       |    44 ||    44
Dodge: Dodged            |    74 |   221 |    97 ||   392
Block: Other             |       |       |    42 ||    42
       Rpst.: Long sword |    22 |    49 |    38 ||   109

Table legend:
 A = Non-vault XP
 B = Vault XP
 C = Vault XP percentage of total XP
 D = Non-vault monster count
 E = Vault monster count
 F = Vault count percentage of total count
                 A         B        C        D         E       F
            +---------+---------+-------+---------+---------+-------
      Total |    1411 |     326 |  18.8 |     104 |      23 |  18.1
            +---------+---------+-------+---------+---------+-------
        D:1 |      30 |       0 |   0.0 |      13 |       0 |   0.0
        D:2 |      96 |      68 |  41.5 |      26 |       8 |  23.5
        D:3 |     111 |       7 |   5.9 |      29 |       4 |  12.1
        D:4 |     148 |       0 |   0.0 |       6 |       0 |   0.0
        D:5 |     633 |       1 |   0.2 |      20 |       1 |   4.8
        D:6 |     393 |      73 |  15.7 |      10 |       1 |   9.1
      Sewer |       0 |     177 | 100.0 |       0 |       9 | 100.0
            +---------+---------+-------+---------+---------+-------
